 Dungeon Crawl Stone Soup version 0.28.0-49-g6dfe1f597d (webtiles) character file.

Game seed: 16321001531401057984

4 westwerst the Firebug (level 1, 0/11 HPs)
             Began as an Octopode Fire Elementalist on May 20, 2022.
             Slain by a bat (1 damage)
             ... on level 2 of the Dungeon.
             The game lasted 00:02:12 (173 turns).

westwerst the Firebug (Octopode Fire Elementalist)   Turns: 173, Time: 00:02:13

Health: 0/11       AC:  1    Str:  7    XL:     1   Next: 70%
Magic:  3/3        EV: 13    Int: 17    God:
Gold:   15         SH:  0    Dex: 12    Spells: 3/4 levels left

rFire   . . .      SeeInvis .   (no weapon)
rCold   . . .      Faith    .   (no shield)
rNeg    . . .      Spirit   .   (helmet restricted)
rPois   .          Reflect  .   (no amulet)
rElec   .          Harm     .   (no ring)
rCorr   .          Rampage  .   (no ring)
Will    .....                   (no ring)
Stlth   +++.......              (no ring)
HPRegen 0.03/turn               (no ring)
MPRegen 0.08/turn               (no ring)
                                (no ring)
                                (no ring)

@: studying Slings
A: almost no armour, amphibious, 8 rings, camouflage 1, gelatinous body 1,
(nimble swimmer 1), tentacles
a: no special abilities


You were on level 2 of the Dungeon.
You visited 1 branch of the dungeon, and saw 2 of its levels.

You collected 15 gold pieces.

Inventory:

Potions
 a - a potion of degeneration {unknown}


   Skills:
 + Level 2.0 Dodging
 + Level 2.6 Stealth
 + Level 2.2 Spellcasting
 + Level 1.0 Conjurations
 + Level 3.1 Fire Magic


You had 3 spell levels left.
You knew the following spells:

 Your Spells              Type           Power      Damage    Failure   Level
a - Foxfire               Conj/Fire      32%        2x1d5     9%          1

Your spell library contained the following spells:

 Spells                   Type           Power      Damage    Failure   Level
 Scorch                   Fire           24%        2d6       8%          2
 Conjure Flame            Conj/Fire      8%         6-21      24%         3
 Inner Flame              Hex/Fire       7%         N/A       30%         3
 Flame Wave               Conj/Fire      8%         2d5       63%         4


Dungeon Overview and Level Annotations

Branches:
Dungeon (2/15)

Altars:


Innate Abilities, Weirdness & Mutations

You cannot wear most types of armour.
You are amphibious.
You can wear up to eight rings at the same time.
Your skin changes colour to match your surroundings (Stealth+).
Your rubbery body absorbs attacks. (AC +1, EV +1)
((You are camouflaged when in or above water. (Stealth+)))
You have tentacles for arms and can constrict up to eight enemies at once.


Message History

You see here 9 stones.
You see here a +0 ring mail.
There is an escape hatch in the floor here.
You see here a +0 ring mail.
You see here a +0 ring mail.
You see here a +0 ring mail.
You see here a +0 ring mail.
The frilled lizard hisses angrily.
You tentacle-slap the frilled lizard.
You kill the frilled lizard!
A giant cockroach, an adder and a rat come into view.
The adder barely misses you. The adder closely misses you.
An endoplasm comes into view.
You miss the adder.
The endoplasm quivers.
Your grab misses the adder. The adder bites you.
A bat comes into view.
You tentacle-slap the adder. Your grab misses the adder.
The adder is lightly wounded.
The adder bites you.
You miss the adder. Your grab misses the adder.
The adder is lightly wounded.
The adder closely misses you.
You tentacle-slap the adder. Your grab misses the adder.
The adder is lightly wounded.
The bat barely misses you. The adder barely misses you.
The adder bites you but does no damage.
You barely miss the adder. Your grab misses the adder.
Your squeeze misses the adder.
The adder is lightly wounded.
The bat hits you. The adder bites you.
* * * LOW HITPOINT WARNING * * *
You tentacle-slap the adder but do no damage.
You grab the adder.
The adder is lightly wounded.
You constrict the adder. The bat closely misses you. The bat misses you.
The adder closely misses you.
You closely miss the rat. You grab the rat. You constrict the adder.
You constrict the rat. The bat hits you but does no damage. The bat hits you.
You die...

#.......##
#.......<#
#.>......# .
#........# ..
#........# ...
#.....[..# ....
#........# .....
########b#....##
B.....S@.......
#######r#.#####
.J#.# ...# #
....# ......
....... ........


You could see an adder, an endoplasm, a giant cockroach (asleep), a bat and a
rat.

Vanquished Creatures
  A dart slug (D:2)
  A hobgoblin (D:1)
  A frilled lizard (D:2)
3 creatures vanquished.

Notes
Turn   | Place    | Note
-------+----------+-------------------------------------------
     0 | D:1      | westwerst the Octopode Fire Elementalist began the quest
                  | for the Orb.
     0 | D:1      | Reached XP level 1. HP: 11/11 MP: 3/3
   173 | D:2      | Slain by a bat

Illustrated notes

Levels and vault maps discovered:
D:1:      sevenhm_arrival_forest_fort_small_4, layout_basic,
          shapermc_ecumenical_altar_pompeii, lemuel_another_geyser
D:2:      minmay_evil_eye, layout_basic, minivault_26,
          kennysheep_decorative_pillar, guppyfry_early_orc_mine, uniq_jessica,
          uniq_sigmund, uniq_natasha

Action                   || total
-------------------------++-------
Melee: Unarmed           ||    12
       Constrict         ||     4
       Tentacles         ||     2
       Punch             ||     1
Armor: Skin              ||     2
Dodge: Dodged            ||     8
